Map: White Rabbit LE

Players

SZsOs (sOs) - Winner!

  • Race: Protoss Protoss
  • Spawn Location: 1:00

Jumy (ForJumy)

  • Race: Protoss Protoss
  • League: Master
  • Spawn Location: 7:00

VOD

Have the link to the VOD?

Description

Time

  • Played on: Jan. 30, 2026, 11:31 a.m.
  • Length: 10:54
Show
View Real Time Build Order
Export as new Build Order

SZsOs Protoss - Winner!

Build Orders: Phoenix Opening, Blink Stalkers 

Get SALT Encoding   

  12  0:00  Probe  
  13  0:12  Probe  
  14  0:16  Pylon  
  14  0:24  Probe  
  15  0:32  Probe  
  15  0:35  Gateway  
  15  0:40  Probe  
  16  0:46  Assimilator  
  17  0:50  Probe  
  17  0:55  Assimilator  
  18  0:59  Probe  
  19  1:07  Gateway, Probe  
  20  1:17  Probe  
  20  1:23  Cybernetics Core  
  21  1:29  Probe  
  22  1:34  Pylon  
  22  1:41  Probe  
  23  1:53  Probe  
  24  1:59  Warp Gate, Sentry  
  26  2:16  Nexus  
  26  2:20  Pylon  
  26  2:23  Stalker  
  28  2:32  Pylon  
  28  2:36  Probe  
  29  2:40  Sentry  
  31  2:50  Probe  
  32  3:02  Probe  
  33  3:07  Twilight Council  
  33  3:08  Phoenix  
  33  3:10  Sentry  
  35  3:14  Probe  
  36  3:20  Shield Battery  
  36  3:24  Probe  
  36  3:27  Probe, Pylon  
  37  3:31  Blink  
  38  3:34  Probe  
  38  3:39  Probe  
  40  3:45  Probe  
  41  3:49  Stalker x2  
  41  3:51  Probe  
  46  3:57  Probe  
  47  4:03  Probe  
  47  4:09  Probe  
  49  4:10  Gateway  
  49  4:13  Stalker x2  
  49  4:16  Probe  
  54  4:20  Gateway  
  54  4:21  Probe  
  55  4:24  Assimilator  
  54  4:35  Probe x2  
  53  4:49  Stalker x2  
  57  4:56  Probe x2  
  59  5:04  Pylon  
  59  5:10  Robotics Facility  
  59  5:13  Pylon  
  59  5:14  Probe x2  
  61  5:25  Stalker x4  
  61  5:28  Pylon  
  69  5:29  Probe  
  69  5:31  Pylon  
  70  5:35  Charge  
  70  5:46  Pylon  
  60  5:58  Stalker  
  60  5:59  Stalker x3  
  68  6:08  Probe x2  
  68  6:10  Assimilator  
  60  6:35  Observer  
  60  6:39  Nexus, Gateway  
  61  6:40  Gateway  
  61  6:42  Gateway x2  
  61  6:44  Pylon  
  61  6:47  Robotics Bay  
  61  6:50  Pylon  
  61  6:53  Observer  
  62  6:55  Stalker x3  
  62  6:57  Probe  
  62  6:59  Probe  
  70  7:13  Zealot  
  70  7:14  Pylon  
  72  7:23  Zealot x2  
  72  7:24  Probe x2, Disruptor  
  72  7:26  Shield Battery  
  82  7:42  Probe x2  
  84  7:52  Disruptor  
  84  7:58  Probe x2  
  86  8:01  Zealot x4  
  98  8:06  Stalker x3  
  104  8:14  Pylon  
  104  8:15  Probe x3  
  107  8:21  Disruptor  
  107  8:27  Probe  
  108  8:31  Stalker x3  
  108  8:32  Zealot  
  108  8:34  Forge  
  120  8:51  Disruptor, Templar Archives  
  120  8:53  Zealot x3  
  126  8:57  Assimilator  
  126  8:59  Assimilator  
  130  9:10  Shield Battery  
  130  9:12  Shield Battery, Pylon  
  130  9:24  Disruptor, Photon Cannon  
  130  9:30  High Templar  
  130  9:31  High Templar, Zealot  
  138  9:34  Pylon  
  138  9:35  Archon  
  140  9:47  Pylon x2  
  140  9:49  Pylon  
  140  9:51  Pylon  
  140  9:57  Zealot x4  
  148  10:04  Disruptor  
  138  10:11  Zealot x3  
  126  10:20  Zealot x2  
  126  10:21  Zealot x2  
Show
View Real Time Build Order
Export as new Build Order

Jumy Protoss 

Build Orders: Archon Immortal 

Get SALT Encoding   

  12  0:00  Probe  
  13  0:12  Probe  
  14  0:17  Pylon  
  14  0:24  Probe  
  15  0:33  Probe  
  15  0:35  Gateway  
  15  0:41  Probe  
  16  0:47  Assimilator  
  17  0:52  Probe  
  17  0:55  Assimilator  
  18  1:04  Probe  
  18  1:09  Gateway  
  19  1:12  Probe  
  20  1:21  Probe  
  20  1:22  Cybernetics Core  
  21  1:32  Probe  
  21  1:36  Pylon  
  22  1:44  Probe  
  23  1:55  Stalker  
  23  1:57  Probe  
  23  2:01  Warp Gate  
  26  2:05  Adept  
  28  2:09  Probe  
  28  2:13  Pylon  
  29  2:21  Probe  
  31  2:33  Probe  
  31  2:35  Sentry  
  34  2:45  Probe  
  34  2:50  Nexus  
  33  2:57  Probe  
  34  2:59  Sentry  
  34  3:04  Pylon  
  36  3:09  Probe  
  37  3:15  Robotics Facility  
  37  3:21  Probe  
  38  3:33  Probe  
  39  3:34  Forge  
  39  3:45  Probe  
  40  3:49  Stalker  
  42  3:55  Probe  
  42  3:58  Probe  
  42  4:01  Observer  
  45  4:03  Probe  
  45  4:06  Protoss Ground Weapons Level 1, Probe  
  46  4:12  Probe, Immortal, Shield Battery  
  46  4:17  Probe  
  48  4:18  Sentry  
  55  4:24  Probe  
  55  4:29  Probe  
  55  4:30  Sentry  
  59  4:37  Shield Battery  
  51  4:44  Stalker  
  53  4:45  Probe  
  51  4:54  Assimilator  
  51  4:55  Assimilator  
  51  4:56  Stalker  
  51  4:58  Probe, Immortal  
  52  5:08  Probe  
  52  5:10  Probe  
  58  5:17  Gateway x2  
  58  5:19  Pylon  
  58  5:22  Probe  
  58  5:23  Probe  
  58  5:27  Twilight Council  
  60  5:36  Probe  
  60  5:39  Immortal  
  65  5:42  Pylon  
  65  5:48  Zealot x2  
  65  5:54  Probe  
  57  6:01  Shield Battery  
  58  6:04  Probe, Charge  
  58  6:09  Probe  
  57  6:13  Zealot x2  
  57  6:14  Sentry  
  57  6:16  Sentry, Immortal  
  58  6:34  Stalker x2  
  58  6:36  Protoss Ground Weapons Level 2, Probe  
  63  6:44  Probe  
  64  6:51  Probe  
  65  6:55  Immortal  
  65  7:01  Adept  
  71  7:02  Adept  
  71  7:04  Zealot  
  75  7:16  Gateway  
  75  7:20  Zealot  
  77  7:22  Pylon  
  77  7:24  Pylon  
  77  7:29  Gateway  
  77  7:34  Phoenix  
  77  7:38  Immortal  
  77  7:41  Gateway  
  81  7:44  Probe  
  81  7:45  Probe  
  81  7:58  Templar Archives  
  79  8:04  Pylon x2  
  79  8:06  Zealot x2  
  79  8:09  Warp Prism  
  85  8:22  Zealot x2  
  89  8:28  Pylon  
  89  8:32  Zealot x2  
  93  8:36  High Templar x3  
  99  8:41  Archon  
  99  8:45  High Templar  
  99  8:51  Archon  
  99  8:54  Zealot x3  
  105  9:01  Pylon  
  105  9:02  Pylon  
  105  9:03  Pylon  
  103  9:17  High Templar x3  
  103  9:18  High Templar  
  103  9:21  Archon  
  103  9:22  Archon  
  103  9:23  Photon Cannon  
  111  9:24  Zealot x2  
  109  9:46  Zealot x5  
  115  10:04  Zealot x4  
  95  10:08  Zealot x3  
  71  10:24  Zealot x4  
  68  10:32  Zealot x3  
Tags
 
Add a new tag
Caveats
  • Supply blocks, unpowered buildings, or Contaminate may cause inaccurate times.
  • Supply counts are checked every 10 seconds.